 Dungeon Crawl Stone Soup version 0.28-a0-1404-g4df0f3684d (webtiles) character file.

Game seed: 13228168223471706729

2471 fragbeetle the Basher (level 9, -2/84 HPs)
             Began as a Troll Berserker on Jan 6, 2022.
             Was a Believer of Trog.
             Slain by a yak (14 damage)
             ... on level 8 of the Dungeon.
             The game lasted 00:10:52 (3997 turns).

fragbeetle the Basher (Troll Berserker)             Turns: 3997, Time: 00:10:53

Health: -2/84      AC:  5    Str: 27    XL:     9   Next: 26%
Magic:  8/8        EV: 11    Int:  5    God:    Trog [**....]
Gold:   179        SH:  0    Dex: 11    Spells: 8/8 levels left

rFire   . . .      SeeInvis +   w - +0 morningstar (venom)
rCold   . . .      Faith    .   (no shield)
rNeg    . . .      Spirit   .   b - +0 animal skin
rPois   .          Reflect  .   (helmet restricted)
rElec   .          Harm     .   g - +0 cloak
rCorr   .          Rampage  .   (gloves unavailable)
Will    .....                   (boots unavailable)
Stlth   +.........              (no amulet)
HPRegen 1.04/turn               l - ring of see invisible
MPRegen 0.11/turn               (no ring)

@: no status effects
A: large, unfitting armour, claws 3, regeneration 1, shaggy fur 1, tough skin 1
a: Renounce Religion, Berserk, Trog's Hand


You were on level 8 of the Dungeon.
You worshipped Trog.
Trog was pleased with you.
You visited 2 branches of the dungeon, and saw 9 of its levels.

You collected 354 gold pieces.
You spent 175 gold pieces at shops.

Inventory:

Hand Weapons
 a - a +0 mace
 w - a +0 morningstar of venom (weapon)
 A - a +0 giant club
Missiles
 c - 129 stones (quivered)
 k - 22 poisoned darts
 o - 7 boomerangs
Armour
 b - a +0 animal skin (worn)
 g - a +0 cloak (worn)
Jewellery
 l - a ring of see invisible (left claw)
 t - a +4 ring of protection
Scrolls
 d - 4 scrolls of fear {unknown}
 e - a scroll of fog {unknown}
 f - 3 scrolls of teleportation {unknown}
 j - a scroll of blinking {unknown}
 p - 3 scrolls of identify {unknown}
 r - a scroll of immolation
 u - 2 scrolls of amnesia {unknown}
 x - a scroll of noise {unknown}
 y - a scroll of holy word {unknown}
Potions
 h - a potion of curing {unknown}
 i - a potion of haste {unknown}
 m - a potion of degeneration {unknown}
 n - a potion of flight {unknown}
 q - a potion of ambrosia
 s - a potion of brilliance {unknown}
 v - a potion of might {unknown}
 z - a potion of heal wounds {unknown}


   Skills:
 + Level 3.7 Fighting
 * Level 8.3 Maces & Flails
 + Level 5.3 Throwing
 + Level 5.5 Dodging


You had 8 spell levels left.
You didn't know any spells.
Your spell library was empty.

Dungeon Overview and Level Annotations

Branches:
Dungeon (8/15)             Temple (1/1) D:4
   Lair: D:8-11

Altars:
Cheibriados
Elyvilon
Fedhas
Yredelemnul

Shops:
D:5 *

Annotations:
D:5 3 runed translucent doors, porpoise's ghost, weakling DsDe; snackwell's ghost, novice OpWz
D:6 1 runed translucent door, SirDiesAlot's ghost, novice DjVM


Innate Abilities, Weirdness & Mutations

You are too large for most types of armour.
You have claws for hands.
Your natural rate of healing is unusually fast.
You are covered in fur. (AC +1)
You have tough skin. (AC +1)


Message History

You barely miss the centaur.
The centaur is almost dead.
The centaur misses you. The centaur barely misses you. The centaur hits you.
* * * LOW HITPOINT WARNING * * *
The centaur kicks you but does no damage.
You barely miss the centaur.
The centaur is almost dead.
The centaur hits you but does no damage.
The centaur kicks you.
* * * LOW HITPOINT WARNING * * *
The centaur hits you but does no damage.
The centaur kicks you.
* * * LOW HITPOINT WARNING * * *
You puncture the centaur!
You kill the centaur!
Trog accepts your kill.
You impale the yak!!
The yak is poisoned.
The yak is heavily wounded.
The yak closely misses you.
You sock the yak!
The yak is severely wounded.
The yak barely misses you. The yak closely misses you.
You completely miss the yak.
The yak is almost dead.
The yak barely misses you.
You thump the yak!
You kill the yak!
Trog accepts your kill.
You puncture the yak!
The yak is poisoned.
The yak is moderately wounded.
The yak misses you. The yak gores you!
* * * LOW HITPOINT WARNING * * *
You hit the yak but do no damage.
The yak looks as sick as possible!
The yak is moderately wounded.
The yak gores you.
* * * LOW HITPOINT WARNING * * *
You hit the yak.
The yak looks as sick as possible!
The yak is heavily wounded.
The yak gores you!
You die...

###### #....###### .
#.........# [.
#.........#
..####.........#
..........)#############
.........<.'.YYY@.......
##..###.)..##.########..
.......................
.....?.................
.......................
......c.......?........
.......................
.......................
...Y...................


You could see 3 yaks.

Vanquished Creatures
  A two-headed ogre (D:8)
  Grinder (D:5)
  3 yaks (D:8)
  Menkaure (D:4)
  A water moccasin (D:5)
  2 ice beasts
  An orc warrior (D:4)
  2 centaurs (D:8)
  2 bullfrogs (D:8)
  2 scorpions
  A water moccasin zombie (D:5)
  A wyvern skeleton (D:5)
  A howler monkey (D:6)
  A centaur zombie (D:5)
  A hound (D:4)
  A bullfrog skeleton (D:4)
  A centaur skeleton (D:4)
  2 hound skeletons (D:4)
  Robin (D:2)
  3 adders
  A white imp (D:5)
  An adder skeleton (D:3)
  A worm (D:2)
  4 orcs
  An endoplasm (D:3)
  A giant cockroach (D:1)
  13 goblins
  3 hobgoblins (D:2)
  4 kobolds
  A quokka (D:1)
  3 ball pythons
  3 bats
  3 rats
68 creatures vanquished.

Vanquished Creatures (others)
  4 toadstools (D:4)
  6 withered plants (D:5)
10 creatures vanquished.

Grand Total: 78 creatures vanquished

Notes
Turn   | Place    | Note
-------+----------+-------------------------------------------
     0 | D:1      | fragbeetle the Troll Berserker began the quest for the Orb.
     0 | D:1      | Reached XP level 1. HP: 22/22 MP: 0/0
   375 | D:1      | Reached skill level 3 in Maces & Flails
   411 | D:1      | Reached XP level 2. HP: 29/29 MP: 1/1
   573 | D:2      | Noticed Robin
   880 | D:2      | Killed Robin
   881 | D:2      | Reached skill level 1 in Throwing
   889 | D:2      | Reached XP level 3. HP: 31/36 MP: 2/2
  1499 | D:3      | Noticed a scorpion
  1499 | D:3      | Found a faded altar of an unknown god.
  1506 | D:3      | Killed a scorpion
  1507 | D:3      | Reached XP level 4. HP: 44/44 MP: 3/3
  1896 | D:3      | Reached skill level 4 in Maces & Flails
  2025 | D:4      | Found a staircase to the Ecumenical Temple.
  2035 | Temple   | Entered the Ecumenical Temple
  2058 | D:4      | Reached XP level 5. HP: 43/50 MP: 4/4
  2130 | D:4      | Noticed an orc warrior
  2151 | D:4      | Killed an orc warrior
  2328 | D:4      | Noticed Menkaure
  2337 | D:4      | Killed Menkaure
  2338 | D:4      | Reached skill level 5 in Maces & Flails
  2338 | D:4      | Reached XP level 6. HP: 56/59 MP: 5/5
  3009 | D:5      | Entered Level 5 of the Dungeon
  3009 | D:5      | Noticed an ice beast
  3046 | D:5      | Noticed Grinder
  3051 | D:5      | Noticed a water moccasin
  3060 | D:5      | Killed a water moccasin
  3061 | D:5      | Reached XP level 7. HP: 66/66 MP: 6/6
  3075 | D:5      | Found a runed translucent gate.
  3075 | D:5      | Found a runed translucent gate.
  3075 | D:5      | Found a runed translucent gate.
  3079 | D:5      | Noticed snackwell's ghost (novice OpWz)
  3079 | D:5      | Noticed porpoise's ghost (weakling DsDe)
  3117 | D:5      | Killed Grinder
  3118 | D:5      | Reached skill level 6 in Maces & Flails
  3599 | D:5      | Found Daclenup's Assorted Antiques.
  3618 | D:5      | Reached XP level 8. HP: 52/74 MP: 7/7
  3624 | D:5      | Bought a glowing morningstar for 175 gold pieces
  3809 | D:6      | Found a runed translucent door.
  3811 | D:6      | Noticed SirDiesAlot's ghost (novice DjVM)
  3846 | D:6      | You fall into a shaft and drop 2 floors!
  3870 | D:8      | Noticed a two-headed ogre
  3886 | D:8      | Reached skill level 7 in Maces & Flails
  3890 | D:8      | Killed a two-headed ogre
  3891 | D:8      | Reached skill level 5 in Dodging
  3904 | D:7      | Found a snail-covered altar of Cheibriados.
  3904 | D:7      | Found a basalt altar of Yredelemnul.
  3907 | D:7      | Found a blossoming altar of Fedhas.
  3949 | D:8      | Reached ** piety under Trog
  3950 | D:8      | Reached skill level 5 in Throwing
  3950 | D:8      | Reached XP level 9. HP: 36/83 MP: 8/8
  3975 | D:8      | Reached skill level 8 in Maces & Flails
  3978 | D:8      | HP: 1/83 [yak (15)]
  3997 | D:8      | Slain by a yak

Illustrated notes

Levels and vault maps discovered:
D:1:      onia_arrival_pyramid, layout_loops_cross, hangedman_decor_points,
          chequers_serial_rivers_micro_b
D:2:      layout_basic, serial_co_window_serial, co_window_corner_a,
          co_window_corner_a, co_window_paths_a, co_window_of_opportunity_a,
          co_window_paths_a, co_window_of_opportunity_c, co_window_broadway_b,
          co_window_of_opportunity_b, uniq_robin
D:3:      layout_rooms, ebering_ecumenical_altar_petrified,
          kennysheep_small_spiral
D:4:      layout_loops_corners, minmay_temple_entry_crystal_x,
          minmay_gold_behind_fungi, uniq_menkaure
D:5:      layout_cave_pools, gammafunk_ghost_cemetery, serial_shops,
          nicolae_lakefront_shop, uniq_grinder
D:6:      layout_basic, ebering_ghost_inner_flame, serial_shops,
          nicolae_inconvenience_store, serial_rivers,
          chequers_serial_rivers_micro_b, chequers_serial_rivers_large_b,
          chequers_serial_rivers_micro_e, chequers_serial_rivers_small_b,
          chequers_serial_rivers_micro_d, kennysheep_decorative_pillar,
          uniq_crazy_yiuf_cottage, uniq_maggie, uniq_prince_ribbit1
D:7:      layout_cave_pools, nicolae_overflow_hidden_temple, serial_shops,
          nicolae_shop_crystal, nicolae_shop_competitors_out_of_business,
          nicolae_shop_waterfront, nicolae_shop_window_shopping
D:8:      layout_basic
Temple:   mainiacjoe_temple_bowtie_tessellation

Skill      XL: |  1  2  3  4  5  6  7  8  9 |
---------------+----------------------------+-----
Maces & Flails | 3 4 5 6 7 8 |  8.3
Throwing       | 1 2 3 4 5 |  5.3
Dodging        | 3 4 5 |  5.5
Fighting       | 3 |  3.7

Action                   |  1- 3 |  4- 6 |  7- 9 || total
-------------------------+-------+-------+-------++-------
Melee: Mace              |    77 |    83 |    48 ||   208
       Punch             |     3 |     1 |       ||     4
       Morningstar       |       |       |    64 ||    64
Throw: Stone             |     3 |       |       ||     3
Invok: Berserk           |     2 |     4 |     4 ||    10
  Use: Potion            |       |       |     1 ||     1
Armor: Animal skin       |    22 |    30 |    41 ||    93
Dodge: Dodged            |    45 |    45 |    61 ||   151

Table legend: (Time is in decaauts)
 A = Elapsed time spent in this place.
 B = Non-inter-level travel time spent in this place.
 C = Inter-level travel time spent in this place.
 D = Time resting spent in this place.
 E = Time spent auto-exploring this place.
 F = Levels seen in this place.
 G = Mean time per level.
                   A        B        C        D        E       F      G
               +--------+--------+--------+--------+--------+-----+--------+
         Total |   4149 |   4031 |    118 |    181 |   2719 |   9 |  461.0 |
       Dungeon |   4136 |   4018 |    118 |    181 |   2712 |   8 |  517.0 |
        Temple |     13 |     13 |      0 |      0 |      7 |   1 |   13.0 |
               +--------+--------+--------+--------+--------+-----+--------+

Top non-repeatable levels by time:
     D:4: 1069 daAuts
     D:2: 926 daAuts
     D:5: 695 daAuts
     D:1: 602 daAuts
     D:3: 515 daAuts
     D:6: 157 daAuts
     D:8: 142 daAuts
     D:7: 26 daAuts
  Temple: 13 daAuts
